 Dungeon Crawl Stone Soup version 0.28.0 (webtiles) character file.

Game seed: 1496923217064570421

17677 Bricks the Archer (level 12, -4/90 HPs)
             Began as a Barachi Arcane Marksman on Feb 17, 2022.
             Was a High Priest of Hepliaklqana.
             Slain by a death yak (17 damage)
             ... led by a torpor snail
             ... on level 3 of the Lair of Beasts.
             The game lasted 00:51:50 (15661 turns).

Bricks the Archer (Barachi Arcane Marksman)        Turns: 15661, Time: 00:51:51

Health: -4/90      AC: 10    Str: 14    XL:     12   Next: 50%
Magic:  18/18      EV: 14    Int: 14    God:    Hepliaklqana [*****.]
Gold:   785        SH:  0    Dex: 15    Spells: 18/19 levels left

rFire   . . .      SeeInvis +   D - +2 morningstar (flame)
rCold   + + .      Faith    .   (no shield)
rNeg    . . .      Spirit   .   W - +0 acid dragon scales
rPois   +          Reflect  .   (no helmet)
rElec   .          Harm     .   v - scarf {repulsion}
rCorr   +          Rampage  .   K - +0 pair of gloves
Will    .....                   m - +0 pair of boots of Dramatic Exits {rC++ Will- rCorr SInv}
Stlth   +.........              s - amulet of the acrobat
HPRegen 0.25/turn               i - ring of poison resistance
MPRegen 0.16/turn               (no ring)

@: slowed, repel missiles, very slow
A: reduced essence, amphibious, slowness 1, strong legs 1, +LOS
a: Hop, Renounce Religion, Recall Ancestor, Ancestor Identity, Transference,
Idealise


You were on level 3 of the Lair of Beasts.
You worshipped Hepliaklqana.
Hepliaklqana was extremely pleased with you.
You visited 2 branches of the dungeon, and saw 14 of its levels.
You also visited: Ossuary.

You collected 977 gold pieces.
You spent 192 gold pieces at shops.

Inventory:

Hand Weapons
 a - a +2 shortbow of flaming
 D - a +2 morningstar of flaming (weapon)
Missiles
 c - 8 arrows
 A - 4 throwing nets
 F - 12 poisoned darts
 H - 7 curare-tipped darts
 U - 10 javelins
Armour
 m - the +0 pair of boots of Dramatic Exits (worn) {rC++ Will- rCorr SInv}
   (You acquired it on level 2 of the Lair of Beasts)

   rC:        It greatly protects you from cold.
   SInv:      It lets you see invisible.
   rCorr:     It protects you from acid and corrosion.
   Will:      It decreases your willpower.
 v - a scarf of repulsion (worn)
 y - a scarf of shadows
 E - +0 steam dragon scales
 K - a +0 pair of gloves (worn)
 W - +0 acid dragon scales (worn)
Jewellery
 e - a +6 ring of intelligence
 h - a ring of fire
 i - a ring of poison resistance (left hand)
 o - a ring of resist corrosion
 s - an amulet of the acrobat (around neck)
 C - a +6 ring of intelligence
 I - a ring of ice
 L - a ring of fire
 S - an amulet of faith
 X - a ring of magical power
Wands
 B - a wand of flame (46)
 G - a wand of digging (6)
 J - a wand of mindburst (30)
 N - a wand of iceblast (12)
Scrolls
 b - a scroll of holy word
 d - 3 scrolls of enchant armour
 g - 4 scrolls of teleportation
 k - 2 scrolls of magic mapping
 n - 3 scrolls of fear
 p - 4 scrolls of amnesia
 q - a scroll of summoning
 x - 2 scrolls of fog
 R - a scroll of silence
 T - a scroll of immolation
Potions
 f - 2 potions of heal wounds
 j - a potion of invisibility
 l - 2 potions of ambrosia
 r - 2 potions of magic
 t - 2 potions of flight {unknown}
 u - 3 potions of berserk rage
 w - a potion of resistance
 z - a potion of might {unknown}
 M - 2 potions of mutation
 O - 2 potions of attraction {unknown}
 P - a potion of brilliance
 Q - a potion of cancellation {unknown}
 V - 2 potions of curing
 Y - 2 potions of haste {unknown}
 Z - 3 potions of lignification {unknown}


   Skills:
 + Level 11.1 Fighting
 - Level 4.3 Maces & Flails
 * Level 12.8 Bows
 + Level 6.5 Armour
 + Level 7.0 Dodging
 - Level 4.0 Spellcasting
 - Level 5.0 Hexes
 * Level 6.6 Invocations


You had 18 spell levels left.
You knew the following spells:

 Your Spells              Type           Power      Damage    Failure   Level
a - Slow                  Hex            64%        N/A       3%          1

Your spell library contained the following spells:

 Spells                   Type           Power      Damage    Failure   Level
 Apportation              Tloc           4%         N/A       26%         1
 Shock                    Conj/Air       8%         1d3       26%         1
 Dazzling Flash           Conj/Hex       18%        N/A       28%         3
 Inner Flame              Hex/Fire       9%         N/A       28%         3
 Portal Projectile        Hex/Tloc       18%        N/A       28%         3
 Cause Fear               Hex            8%         N/A       32%         4
 Gell's Gravitas          Tloc           2%         N/A       61%         3
 Swiftness                Air            2%         N/A       61%         3
 Teleport Other           Tloc           2%         N/A       61%         3
 Airstrike                Air            1%         N/A       95%         4
 Iskenderun's Mystic Bla  Conj/Tloc      2%         2d3       95%         4
 Alistair's Intoxication  Tmut/Pois      1%         N/A       100%        5
 Dispersal                Tloc           1%         N/A       100%        6
 Starburst                Conj/Fire      1%         6d3       100%        6


Dungeon Overview and Level Annotations

Branches:
Dungeon (10/15)            Temple (0/1) D:7            Lair (4/6) D:10
 Spider (0/4) Lair:4      Ossuary (visited)
  Swamp: Lair:2-4    Shoals: Lair:2-4       Orc: D:9-12

Altars:
Ashenzari
Dithmenos
Fedhas
Hepliaklqana
Kikubaaqudgha
Makhleb
Okawaru
Zin

Shops:
D:1 :   D:3 ?   D:5 *   D:7 *


Innate Abilities, Weirdness & Mutations

Your life essence is reduced to manifest your ancestor. (-10% HP)
You are amphibious.
You cover ground slowly.
You can hop short distances.
You have an extended range of vision and can be seen from far away.


Message History

You climb upwards.
There is a stone staircase leading down here.
Bombadil is recalled.
The death yak closely misses you. The torpor snail bites you!!
The death yak gores you!
You hit the torpor snail. You burn the torpor snail.
The torpor snail is lightly wounded.
The death yak gores you! The torpor snail misses you.
Bombadil hits the torpor snail but does no damage.
The death yak gores you!
The torpor snail bites you but does no damage.
You hit the torpor snail. You burn the torpor snail.
The torpor snail is lightly wounded.
The death yak gores you but does no damage.
Bombadil hits the torpor snail with a +0 flail!
The torpor snail barely misses you. The death yak misses you.
You hit the torpor snail but do no damage.
The torpor snail is moderately wounded.
Bombadil hits the torpor snail with a +0 flail!
The death yak gores you.
* * * LOW HITPOINT WARNING * * *
The torpor snail bites you!
* * * LOW HITPOINT WARNING * * *
Bombadil hits the torpor snail with a +0 flail!
The death yak misses you.
You feel much better.
Bombadil blocks the torpor snail's attack.
The death yak gores you!
Bombadil hits the torpor snail with a +0 flail.
You hit the torpor snail but do no damage.
The torpor snail is severely wounded.
The death yak gores you!
* * * LOW HITPOINT WARNING * * *
The torpor snail misses you. The death yak closely misses you.
Bombadil hits the torpor snail with a +0 flail!
The torpor snail bites Bombadil!
You puncture the torpor snail! You burn the torpor snail.
The torpor snail is almost dead.
The death yak gores you!
You die...

#...........................#
#..........................##
#..........................#
#..........................###
###.............<...........P#
##........................P##
#.......PP###.............##
##......### ##RwY....###..#
####...## ##@#P#...#...##
##P...# #####........#
#####P...## ##.)#...##
#..####...# ##.###..## ##.#
#...## #..###..P# ##.####..#
#..P##...## #...###..### ###
##.##...#.#
##.........#####.###.......###
...####.##......##.##.......#


You could see the friendly Bombadil the knight (slow), a death yak and a torpor
snail (ally target).

Vanquished Creatures
  2 oklob plants (Lair:3)
  3 black mambas
  A gargoyle (D:10)
  4 cane toads
  A rime drake (Lair:1)
  A troll (D:9)
  Grinder (D:5)
  Prince Ribbit (D:5)
  6 blink frogs
  6 yaks
  A basilisk (Lair:3)
  A steam dragon (Lair:2)
  An acid dragon (D:9)
  A water moccasin (Lair:3)
  An ice beast (D:5)
  An orc warrior (D:10)
  2 wolves (D:8)
  An ogre (D:4)
  2 kobold brigands
  7 bullfrogs
  A scorpion (D:6)
  2 killer bees (D:8)
  5 wights
  2 electric eels
  A howler monkey (D:7)
  3 centaur zombies
  A hound (D:7)
  A gnoll shaman (D:4)
  2 human zombies (Ossuary)
  An orc priest (D:10)
  A bullfrog skeleton (D:6)
  A jelly (D:6)
  Jessica (D:3)
  An iguana (D:7)
  An orc wizard (D:10)
  2 hound skeletons
  A howler monkey zombie (D:9)
  5 gnolls
  A shadow imp (D:7)
  A white imp (D:7)
  An ufetubus (D:5)
  An adder zombie (Ossuary)
  2 adder skeletons (D:4)
  A dart slug (D:1)
  6 orcs
  8 endoplasms
  2 giant cockroaches
  5 goblins
  9 hobgoblins
  2 jackals (D:3)
  12 kobolds
  2 quokkas
  7 ball pythons
  A bat (D:2)
  2 frilled lizards
  8 hobgoblin zombies (Ossuary)
  7 kobold zombies (Ossuary)
  6 orc zombies (Ossuary)
  6 rats
166 creatures vanquished.

Vanquished Creatures (collateral kills)
  Harold (D:8)
  2 oklob plants
  A black mamba (Lair:3)
  A torpor snail (Lair:4)
  Maurice (D:9)
  Joseph (D:7)
  3 cane toads (Lair:4)
  Maggie (D:6)
  An unseen horror (D:10)
  A polar bear (Lair:2)
  A hornet (D:9)
  A blink frog (Lair:3)
  5 yaks
  A basilisk (Lair:2)
  Grum (D:8)
  3 steam dragons
  Edmund (D:4)
  3 water moccasins (D:7)
  Pargi (D:4)
  4 black bears
  5 ogres
  A wolf (D:8)
  A phantom (D:5)
  A centaur (D:7)
  An elf zombie (Ossuary)
  A bullfrog (Lair:1)
  A wyvern zombie (D:4)
  A scorpion (D:5)
  A water moccasin skeleton (D:4)
  3 killer bees (D:9)
  3 wights
  5 centaur zombies
  2 gnoll shamans
  An orc priest (D:10)
  2 iguanas
  6 orc wizards
  2 mummies (Ossuary)
  11 gnolls
  An adder zombie (D:5)
  3 orcs
  2 ball pythons
  An endoplasm (D:4)
  2 hobgoblins
  2 jackals (D:3)
  A quokka (D:2)
  3 goblins (D:4)
  2 goblin zombies (Ossuary)
  3 hobgoblin zombies (Ossuary)
  5 kobolds
  2 kobold zombies (Ossuary)
  3 orc zombies (Ossuary)
  A rat (D:3)
113 creatures vanquished.

Vanquished Creatures (others)
  6 knights
  An ancestor (D:1)
  11 fungi
  22 plants
40 creatures vanquished.

Grand Total: 319 creatures vanquished

Notes
Turn   | Place    | Note
-------+----------+-------------------------------------------
     0 | D:1      | Bricks the Barachi Arcane Marksman began the quest for the
                  | Orb.
     0 | D:1      | Reached XP level 1. HP: 15/15 MP: 2/2
     1 | D:1      | Noticed a polar bear
     1 | D:1      | Noticed a salamander
     1 | D:1      | Noticed an iguana
     1 | D:1      | Noticed a wyvern
   180 | D:1      | Reached XP level 2. HP: 21/21 MP: 3/3
   235 | D:1      | Found a faded altar of an unknown god.
   249 | D:1      | Prayed at the altar of an unknown god.
   249 | D:1      | Became a worshipper of Hepliaklqana the Forgotten
   249 | D:1      | Reached * piety under Hepliaklqana
   598 | D:1      | Reached XP level 3. HP: 24/24 MP: 5/5
   848 | D:1      | Found Fyehidd's Book Emporium.
  1603 | D:3      | Reached XP level 4. HP: 26/29 MP: 6/6
  1703 | D:3      | Reached ** piety under Hepliaklqana
  1703 | D:3      | Noticed Jessica
  1704 | D:3      | Remembered your ancestor Bombadil as a knight
  1714 | D:3      | Killed Jessica
  1972 | D:3      | Found a shadowy altar of Dithmenos.
  2111 | D:3      | Found Dylaommu's Magic Scroll Boutique.
  2212 | D:3      | Found an iron altar of Okawaru.
  2331 | D:4      | You fall into a shaft and drop 1 floor!
  2331 | D:5      | Entered Level 5 of the Dungeon
  2331 | D:5      | Noticed Prince Ribbit
  2346 | D:5      | HP: 1/29 [Prince Ribbit (16)]
  2350 | D:5      | Killed Prince Ribbit
  2351 | D:5      | Reached skill level 3 in Bows
  2351 | D:5      | Reached XP level 5. HP: 1/36 MP: 8/8
  2351 | D:5      | Reached XP level 6. HP: 1/42 MP: 9/9
  2671 | D:5      | Noticed a black bear
  2681 | D:5      | Killed a black bear
  2682 | D:5      | Reached XP level 7. HP: 46/46 MP: 9/11
  2722 | D:5      | Found Efoutric's Assorted Antiques.
  3004 | D:4      | Noticed Pargi
  3032 | D:4      | Killed Pargi
  3033 | D:4      | Reached skill level 5 in Hexes
  3033 | D:4      | Reached XP level 8. HP: 29/54 MP: 13/13
  3190 | D:4      | Noticed Edmund
  3195 | D:4      | Reached skill level 4 in Bows
  3236 | D:4      | Killed Edmund
  3237 | D:4      | Reached skill level 1 in Armour
  3909 | D:4      | Reached *** piety under Hepliaklqana
  4037 | D:5      | Bought a runed scarf for 192 gold pieces
  4102 | D:5      | Reached skill level 5 in Bows
  4113 | D:5      | Noticed Grinder
  4125 | D:5      | Paralysed by Grinder for 7 turns
  4133 | D:5      | Killed Grinder
  4134 | D:5      | Reached skill level 5 in Fighting
  4134 | D:5      | Reached skill level 5 in Dodging
  4542 | D:6      | Reached XP level 9. HP: 61/61 MP: 15/15
  4594 | D:6      | Noticed Maggie
  4608 | D:6      | Killed Maggie
  4609 | D:6      | Reached skill level 6 in Bows
  5325 | D:6      | Found a broken altar of Ashenzari.
  5431 | D:6      | Found a burning altar of Makhleb.
  5514 | D:7      | Noticed Joseph
  5812 | D:7      | Found a sand-covered staircase.
  5821 | Ossuary  | Entered an ossuary
  6096 | Ossuary  | Reached skill level 7 in Bows
  6482 | D:7      | Killed Joseph
  6483 | D:7      | Reached skill level 5 in Armour
  6716 | D:7      | Reached skill level 8 in Bows
  6780 | D:7      | Reached XP level 10. HP: 71/71 MP: 16/16
  6979 | D:7      | Reached skill level 9 in Bows
  7111 | D:7      | Found a staircase to the Ecumenical Temple.
  7198 | D:7      | Found Moowid's Fire Supplies.
  7740 | D:8      | Reached **** piety under Hepliaklqana
  7742 | D:8      | Noticed Harold
  7790 | D:8      | Killed Harold
  7997 | D:8      | Noticed Grum
  8007 | D:8      | Killed Grum
  8014 | D:8      | Reached skill level 10 in Bows
  8901 | D:9      | Reached skill level 1 in Invocations
  8904 | D:9      | Reached XP level 11. HP: 80/80 MP: 17/17
  9607 | D:9      | Noticed Maurice
  9621 | D:9      | Killed Maurice
  9622 | D:9      | Reached skill level 11 in Bows
  9902 | D:9      | Reached ***** piety under Hepliaklqana
 10183 | D:10     | Entered Level 10 of the Dungeon
 10675 | D:10     | Noticed an oklob plant
 10768 | D:10     | Found a staircase to the Lair.
 10887 | D:10     | Found a glowing silver altar of Zin.
 10887 | D:10     | Found an ancient bone altar of Kikubaaqudgha.
 11247 | D:10     | Killed an oklob plant
 11281 | Lair:1   | Entered Level 1 of the Lair of Beasts
 11294 | Lair:1   | Reached skill level 10 in Fighting
 11299 | Lair:1   | Identified the +0 scale mail "Qihuloji" {MP-9 Str+4 Int+4
                  | Slay+3}
 12151 | Lair:1   | Identified a scroll of acquirement
 12156 | Lair:1   | Acquired a ring of poison resistance
 12405 | Lair:2   | Found a burning altar of Makhleb.
 12437 | Lair:2   | Reached skill level 12 in Bows
 12437 | Lair:2   | Reached skill level 5 in Invocations
 12835 | Lair:2   | Acquired the +0 pair of boots of Dramatic Exits {rC++ Will-
                  | rCorr SInv}
 13335 | Lair:3   | Identified the +4 rapier "Qitaonk" {pain, Stlth+}
 13447 | Lair:3   | Reached XP level 12. HP: 89/89 MP: 18/18
 14529 | Lair:3   | Found a blossoming altar of Fedhas.
 14860 | Lair:3   | Identified the +8 hunting sling of Dullness {vorpal, Drain
                  | rElec Will- Dex+9}
 14956 | Lair:4   | Noticed a death yak
 15357 | Lair:4   | Found a hole to the Spider Nest.
 15661 | Lair:3   | Slain by a death yak

Illustrated notes

Levels and vault maps discovered:
D:1:      onia_arrival_zoo_common, layout_loops_ring, serial_shops, shop,
          basic_ecumenical_altar, palyth_stone_intersect
D:2:      layout_rooms
D:3:      layout_basic, grunt_dithmenos_smoke, mainiacjoe_overflow_alcove_4,
          serial_shops, nicolae_shop_waterfront, uniq_jessica
D:4:      layout_rooms, corexii_item_surrounded_by_moat,
          hangedman_decor_opposing, uniq_edmund, uniq_pargi
D:5:      layout_rooms, serial_shops, kennysheep_little_box, minmay_crossroads,
          uniq_grinder, uniq_prince_ribbit1
D:6:      layout_basic, ashenzari_altar_1, mainiacjoe_overflow_cross_hatched,
          uniq_maggie
D:7:      layout_basic, minmay_temple_entry_tees,
          nicolae_ossuary_entry_monument, chequers_serial_rivers_small_a,
          kennysheep_diamond, nicolae_shop_fire_sale [nicolae_sub_dead_trees],
          minmay_joined_circles, uniq_joseph
D:8:      layout_loops_corners, uniq_grum, uniq_harold
D:9:      layout_cave_pools, kennysheep_pointless_box, uniq_maurice
D:10:     layout_cave_pools, gammafunk_temple_overflow_elements,
          dpeg_oklobed_lair, minivault_25_ag
Lair:1:   layout_gridlike, serial_rivers, chequers_serial_rivers_small_3,
          chequers_serial_rivers_room_b, chequers_serial_rivers_micro_e,
          chequers_serial_rivers_micro_d, chequers_serial_rivers_large_b,
          chequers_serial_rivers_micro_e
Lair:2:   layout_loops_ring, basic_altar, serial_bayou_shore_a,
          grunt_megastairs_2, infiniplex_staircase_pool
Lair:3:   layout_small_grid, minmay_lair_oklob_bushes, minmay_hedge_maze,
          hangedman_tree_tricks, serial_bayou_shore_b
Lair:4:   layout_loops_ring, palyth_hydra_swamp_entry,
          hellmonk_spider_entry_not_the_bees, nicolae_quartered_pool_little,
          kennysheep_snail_temple

Skill      XL: |  1  2  3  4  5  6  7  8  9 10 11 12 |
---------------+-------------------------------------+-----
Fighting       | 2 3 4 5 7 9 10 11 | 11.1
Spellcasting   | 2 3 4 |  4.0
Maces & Flails | 2 3 4 |  4.3
Bows           | 3 5 8 10 12 | 12.8
Dodging        | 3 4 5 6 7 |  7.0
Hexes          | 4 5 |  5.0
Armour         | 3 5 6 |  6.5
Invocations    | 1 5 6 |  6.6

Action                   |  1- 3 |  4- 6 |  7- 9 | 10-12 || total
-------------------------+-------+-------+-------+-------++-------
Melee: Whip              |     3 |     6 |    15 |    38 ||    62
       Unarmed           |     1 |       |       |       ||     1
       Punch             |       |       |       |     2 ||     2
       Morningstar       |       |       |       |     9 ||     9
 Fire: Shortbow          |   120 |    46 |   326 |   557 ||  1049
Invok: Ancestor Identity |     1 |       |       |       ||     1
       Recall Ancestor   |       |     1 |       |     3 ||     4
       Ancestor Life: Kn |       |     1 |       |       ||     1
 Abil: Hop               |     1 |       |     2 |     4 ||     7
Evoke: Wand              |       |       |       |     4 ||     4
  Use: Potion            |       |     1 |     1 |     4 ||     6
       Scroll            |       |       |    14 |    15 ||    29
Armor: Robe              |     7 |     3 |     8 |       ||    18
       Steam dragon scal |       |       |     1 |    11 ||    12
       Acid dragon scale |       |       |       |    20 ||    20
Dodge: Dodged            |    21 |     8 |    42 |   168 ||   239
       Repelled          |       |       |       |     7 ||     7
